AoeStats
← BN27

Arabia

508401907Analyzed
1v1 RM · 11d ago on Sep 22, 2026· 25m 19s· 2 players
Game mode
Random Map
Map size
Tiny (2 player)
Population
200
Speed
Normal
Resources
Standard
Victory
Conquest
Starting age
Dark Age
Ending age
Imperial Age
RankedLock teamsTeams togetherTeam positionsShared explorationLock speedFull tech treeHidden civsTurbo modeCheats
Victory
Defeat
🇦🇺 Tatars · Australia
1640
+20
🇩🇪 Franks · Germany
1728
-20
BN27
9:07 Loom
11:32 Feudal Age
13:04 Double-Bit Axe
23:10 Castle Age
22:31 Gold Mining
23:55 Wheelbarrow
24:02 Scale Barding Armor
24:34 Husbandry
Nomad
1:55 Loom
6:39 Loom
8:56 Feudal Age
9:31 Double-Bit Axe
11:07 Horse Collar
16:16 Forging
21:43 Castle Age
21:19 Fletching
22:31 Bloodlines
22:38 Bodkin Arrow
24:55 Husbandry
Connection lost

Rejoining the realm…

Still unreachable

The connection could not be restored.

Session expired

The server has moved on; the page needs a fresh start.